 Dungeon Crawl Stone Soup version 0.24.1-14-gf8d2b509d9 (webtiles) character file.

Game seed: 484655822485425423, levelgen mode: deterministic

59 Gaplan the Chopper (level 3, 0/31 HPs)
             Began as a Minotaur Gladiator on May 17, 2020.
             Succumbed to an adder's poison
             ... on level 2 of the Dungeon.
             The game lasted 00:03:42 (1481 turns).

Gaplan the Chopper (Minotaur Gladiator)             Turns: 1481, Time: 00:03:43

Health: 0/31       AC:  3    Str: 19    XL:     3   Next: 78%
Magic:  2/2        EV: 13    Int:  5    God:
Gold:   79         SH:  0    Dex: 11    Spells: 2/2 levels left

rFire    . . .     SeeInvis .   a - +0 war axe
rCold    . . .     Gourm    .   (no shield)
rNeg     . . .     Faith    .   b - +0 leather armour
rPois    .         Spirit   .   c - +0 hat
rElec    .         Reflect  .   (no cloak)
rCorr    .         Harm     .   (no gloves)
MR       .....                  (no boots)
Stlth    +.........             (no amulet)
HPRegen  0.10/turn              (no ring)
MPRegen  0.08/turn              (no ring)

@: lethally poisoned (0 -> -7)
A: retaliatory headbutt, horns 2
a: no special abilities


You were on level 2 of the Dungeon.
You were not hungry.

You visited 1 branch of the dungeon, and saw 2 of its levels.

You collected 79 gold pieces.

Inventory:

Hand Weapons
 a - a +0 war axe (weapon)
Missiles
 d - 3 throwing nets (quivered)
Armour
 b - a +0 leather armour (worn)
 c - a +0 hat (worn)
Scrolls
 h - 2 scrolls of identify {unknown}
 i - a scroll of magic mapping {unknown}
 l - 2 scrolls of random uselessness {unknown}
 n - a scroll of enchant weapon {unknown}
 o - 2 scrolls of remove curse {unknown}
Potions
 e - a potion of mutation {unknown}
 j - a potion of heal wounds {unknown}
 k - a potion of curing {unknown}
 m - a potion of lignification {unknown}
Comestibles
 f - 6 rations
 g - 4 chunks of flesh


   Skills:
 + Level 3.0 Fighting
 + Level 5.0 Axes
 - Level 2.0 Throwing
 + Level 1.1 Armour
 + Level 3.6 Dodging
 + Level 0.1 Stealth


You had 2 spell levels left.
You didn't know any spells.
Your spell library was empty.

Dungeon Overview and Level Annotations

Branches:
Dungeon (2/15)

Altars:


Innate Abilities, Weirdness & Mutations

You reflexively headbutt those who attack you in melee.
You have a pair of horns on your head.


Message History

* * * LOW HITPOINT WARNING * * *
You feel sick. The adder bites you.
* * * LOW HITPOINT WARNING * * *
You barely miss the adder.
The adder is heavily wounded.
* * * LOW HITPOINT WARNING * * *
You feel sick. The adder barely misses you. The adder closely misses you.
You furiously retaliate!
You headbutt the adder. You miss the adder. You headbutt the adder.
The adder is almost dead.
The adder barely misses you.
You closely miss the adder.
The adder is almost dead.
* * * LOW HITPOINT WARNING * * *
You feel sick. The adder bites you.
* * * LOW HITPOINT WARNING * * *
The adder bites you but does no damage.
You closely miss the adder.
The adder is almost dead.
You die...

..# ... .
##.## # ..#
#.##...##.#
..#
#.#.....#.#
..#
#.........##
##.....$....#
...........#
#........#
#S@.#
.######.##
........#
#######.#
#.#### #
#....#.#
####.#.#
#.#.## #.#
#....#


You could see an adder.

Vanquished Creatures
  2 oozes
  2 dart slugs (D:1)
  A leopard gecko (D:1)
  2 giant cockroaches (D:2)
  A goblin (D:1)
  6 hobgoblins
  4 jackals (D:2)
  4 bats
  4 frilled lizards
  9 kobolds (D:1)
  10 rats
45 creatures vanquished.

Notes
Turn   | Place    | Note
-------+----------+-------------------------------------------
     0 | D:1      | Gaplan the Minotaur Gladiator began the quest for the Orb.
     0 | D:1      | Reached XP level 1. HP: 18/18 MP: 0/0
   103 | D:1      | Reached skill level 4 in Axes
   103 | D:1      | Reached XP level 2. HP: 14/25 MP: 1/1
  1031 | D:1      | Reached XP level 3. HP: 31/31 MP: 2/2
  1320 | D:2      | Reached skill level 1 in Armour
  1459 | D:2      | Reached skill level 5 in Axes
  1480 | D:2      | HP: 1/31 [adder (1)]
  1481 | D:2      | Succumbed to an adder's poison

Levels and vault maps discovered:
D:1:      lightli_arrival_lavapool, layout_basic, minmay_liquid_box
D:2:      layout_loops_ring, nicolae_overflow_hidden_temple, minivault_11

Skill      XL: |  1  2  3 |
---------------+----------+-----
Axes           | 4 5 |  5.0
Fighting       | 3 |  3.0
Armour         | 1 |  1.1
Throwing       | |  2.0
Dodging        | |  3.6
Stealth        | |  0.1

Action                   || total
-------------------------++-------
Melee: War axe           ||    88
       Headbutt          ||     9
  Eat: Chunk             ||     2
Armor: Leather armour    ||    18
Dodge: Dodged            ||    65
